 Dungeon Sprint DCSS version 0.28.0-53-g5a82cb258f (webtiles) character file.

Game seed: 10778717574058226455

6017 Groucho the Unseen (level 10, -6/53 HPs)
             Began as a Spriggan Enchanter on Aug 14, 2022.
             Was an Elder of Dithmenos.
             Shot with an arrow by a deep elf master archer (20 damage)
             ... in the Dungeon (Sprint II: "The Violet Keep of Menkaure").
             The game lasted 00:08:34 (1373 turns).

Groucho the Unseen (Spriggan Enchanter)             Turns: 1373, Time: 00:08:34

Health: -6/53      AC:  3    Str:  8    XL:     10   Next: 56%
Magic:  25/27      EV: 26    Int: 17    God:    Dithmenos [****..]
Gold:   272        SH:  5    Dex: 16    Spells: 20/34 levels left

rFire   . . .      SeeInvis +   a - +1 dagger
rCold   + . .      Faith    .   (no shield)
rNeg    + . .      Spirit   .   j - +1 robe {rN+}
rPois   +          Reflect  +   (helmet restricted)
rElec   .          Harm     .   h - scarf {shadows}
rCorr   .          Rampage  .   (gloves unavailable)
Will    +....      NoTele   +   (boots unavailable)
Stlth   ++++++++++              e - amulet of reflection
HPRegen 0.17/turn               f - ring of poison resistance
MPRegen 0.20/turn               (no ring)

@: flying, wreathed by umbra, very quick
A: very small, no large weapons, unfitting armour, see invisible, speed 3,
talons 1, cold resistance 1, MP-powered wands
a: Renounce Religion, Shadow Step


You were in the Dungeon.
You worshipped Dithmenos.
Dithmenos was greatly pleased with you.
You visited 1 branch You collected 1215 gold pieces.
You spent 943 gold pieces at shops.

Inventory:

Hand Weapons
 a - a +1 dagger (weapon)
Missiles
 k - 15 stones (quivered)
Armour
 b - a +0 robe
 h - a scarf of shadows (worn)
 j - a +1 robe of positive energy (worn)
Jewellery
 e - an amulet of reflection (around neck)
 f - a ring of poison resistance (left hand)
Scrolls
 i - a scroll of blinking
Potions
 c - 3 potions of flight
 g - 2 potions of magic


   Skills:
 + Level 6.7 Fighting
 + Level 9.1 Short Blades
 * Level 13.5 Dodging
 * Level 17.9 Stealth
 * Level 12.5 Spellcasting
 - Level 14.0 Hexes
 * Level 6.3 Ice Magic


You had 20 spell levels left.
You knew the following spells:

 Your Spells              Type           Power      Damage    Failure   Level
a - Confusing Touch       Hex            55%        N/A       1%          3
b - Ensorcelled Hibernat  Hex/Ice        90%        N/A       1%          2
c - Dazzling Flash        Conj/Hex       68%        N/A       1%          3
d - Tukima's Dance        Hex            55%        N/A       1%          3
e - Ozocubu's Armour      Ice            32%        N/A       1%          3

Your spell library contained the following spells:

 Spells                   Type           Power      Damage    Failure   Level
 Metabolic Englaciation   Hex/Ice        22%        N/A       2%          5


Dungeon Overview and Level Annotations

Branches:
Dungeon (1/1)

Altars:
Cheibriados
Dithmenos
Elyvilon
Fedhas
Gozag
Hepliaklqana
Kikubaaqudgha
Makhleb
Nemelex Xobeh
Okawaru
Qazlal
Ru
Sif Muna
Trog
Uskayaw
Vehumet
Wu Jian
Xom
Yredelemnul
Zin
The Shining One
Beogh
Jiyva
Lugonu

Shops:
D :[?:?[:![==![*(

Annotations:
D exclusion: oklob plant


Innate Abilities, Weirdness & Mutations

You are very small and have problems with some larger weapons.
You are too small for most types of armour.
You have supernaturally acute eyesight. (SInv)
You cover ground extremely quickly. (Speed+++)
You have sharp toenails.
Your flesh is cold resistant. (rC+)
You expend magic power (3 MP) to strengthen your wands.


Message History

Unknown command.
Your icy armour cracks and falls away as you move.
You now have 272 gold pieces (gained 81).
c - 4 red potions (gained 1)
You see here 15 stones.
k - 15 stones
There is an open door here.
It was a potion of flight.
You feel very buoyant.
You fly up into the air.
The deep elf master archer shouts!
The deep elf master archer wields a +0 longbow.
The deep elf master archer shoots an arrow.
The arrow hits you!
Casting: Ozocubu's Armour (safe; 1% risk of failure)
Confirm with . or Enter, or press ? or * to list all spells.
Aiming: Ensorcelled Hibernation (safe; 1% risk of failure)
Press: ? - help, Shift-Dir - straight line, f - deep elf master archer
Aim: a deep elf master archer, wielding a +0 longbow, wearing a +0 leather armour and quivering arrows (umbra, chance to affect: 9%)
Okay, then.
Casting: Ensorcelled Hibernation (safe; 1% risk of failure)
Confirm with . or Enter, or press ? or * to list all spells.
Casting: Dazzling Flash (safe; 1% risk of failure)
Press: ? - help, Dir - look around, f - activate The deep elf master archer is dazzled.
The deep elf master archer shoots an arrow.
The arrow hits you!!
Ouch! That really hurt!
* * * LOW HITPOINT WARNING * * *
You emit a cloud of dark smoke.
The deep elf master archer shoots an arrow.
The arrow completely misses you.
Unknown command.
There is an open door here.
You feel better.
Okay, then.
The deep elf master archer is no longer blind.
The deep elf master archer shoots an arrow.
The arrow hits you!!
You die...

##++## # ##§@§§### ≈##
#e§§§§§.### ##≈≈#+++#
####§§§.#.## #≈≈≈.... ..
#..§§§.^#.†# #≈≈≈≈.##+
#..#..####^#†.#
#≈≈≈≈##.####.####..'.##.#
#≈≈≈≈#.##..#....#..#...####
#≈≈####...####..#####..##)#
#≈##.###'###.##..#†$'..#†.#
!?


You could see a deep elf master archer.

Vanquished Creatures
  A crystal guardian (D)
  An iron elemental (D)
  2 death drakes (D)
  A merfolk siren (D)
  A yaktaur (D)
  3 polar bears (D)
  3 slime creatures (D)
  A hornet (D)
  2 wyverns (D)
  4 neqoxecs (D)
  4 water moccasins (D)
  2 swamp drakes (D)
  4 necrophages (D)
29 creatures vanquished.

Vanquished Creatures (others)
  Menkaure (D)
  A water moccasin (D)
2 creatures vanquished.

Grand Total: 31 creatures vanquished

Notes
Turn   | Place    | Note
-------+----------+-------------------------------------------
     0 | D        | Groucho the Spriggan Enchanter began the quest for the Orb.
     0 | D        | Reached XP level 1. HP: 9/9 MP: 5/5
     1 | D        | Noticed a wyvern
     1 | D        | Noticed a wyvern
     5 | D        | Noticed a necrophage
     5 | D        | Noticed a necrophage
     5 | D        | Noticed a necrophage
     5 | D        | Noticed a necrophage
    10 | D        | Killed a necrophage
    11 | D        | Reached skill level 1 in Fighting
    11 | D        | Reached skill level 5 in Dodging
    11 | D        | Reached skill level 7 in Stealth
    11 | D        | Reached skill level 5 in Spellcasting
    11 | D        | Reached skill level 5 in Hexes
    11 | D        | Reached XP level 2. HP: 15/15 MP: 6/9
    11 | D        | Reached XP level 3. HP: 18/18 MP: 6/10
    11 | D        | Reached XP level 4. HP: 23/23 MP: 7/12
    18 | D        | Killed a necrophage
    19 | D        | Reached skill level 8 in Stealth
    19 | D        | Reached XP level 5. HP: 27/27 MP: 7/14
    44 | D        | Killed a necrophage
    45 | D        | Reached skill level 9 in Stealth
    52 | D        | Learned a level 3 spell: Confusing Touch
    53 | D        | Killed a water moccasin
    60 | D        | Killed a necrophage
    61 | D        | Reached skill level 10 in Stealth
    61 | D        | Reached XP level 6. HP: 18/32 MP: 8/17
   195 | D        | Killed Menkaure
   354 | D        | Learned a level 2 spell: Ensorcelled Hibernation
   358 | D        | Learned a level 3 spell: Dazzling Flash
   362 | D        | Learned a level 3 spell: Tukima's Dance
   366 | D        | Noticed a neqoxec
   366 | D        | Noticed a neqoxec
   366 | D        | Noticed a neqoxec
   366 | D        | Noticed a neqoxec
   368 | D        | Killed a neqoxec
   369 | D        | Reached skill level 5 in Short Blades
   369 | D        | Reached skill level 11 in Stealth
   370 | D        | Gained mutation: You have hidden genetic potential. [a
                  | neqoxec]
   373 | D        | Killed a neqoxec
   374 | D        | Reached XP level 7. HP: 37/37 MP: 14/20
   375 | D        | Gained mutation: You have sharp toenails. [a neqoxec]
   380 | D        | Killed a neqoxec
   381 | D        | Reached skill level 10 in Dodging
   381 | D        | Reached skill level 12 in Stealth
   383 | D        | Killed a neqoxec
   391 | D        | Gained mutation: Your flesh is cold resistant. (rC+)
                  | [hidden potential]
   812 | D        | Noticed a merfolk siren
   823 | D        | Killed a merfolk siren
   824 | D        | Reached skill level 13 in Stealth
   824 | D        | Reached skill level 10 in Spellcasting
   824 | D        | Reached skill level 10 in Hexes
   824 | D        | Reached XP level 8. HP: 42/42 MP: 7/23
  1101 | D        | Gained mutation: You expend magic power (3 MP) to
                  | strengthen your wands. [hidden potential]
  1101 | D        | Lost mutation: You have hidden genetic potential. [hidden
                  | potential expressed]
  1133 | D        | Found Xihad's Book Shoppe.
  1133 | D        | Found Nuesk's Jewellery Shoppe.
  1133 | D        | Found Pyappu's Antique Armour Shoppe.
  1133 | D        | Found Kahake's Antique Armour Emporium.
  1133 | D        | Found Teazeub's Antique Weapon Shoppe.
  1133 | D        | Found Jihu Juo's Jewellery Emporium.
  1134 | D        | Found Ynoileyph's General Store.
  1134 | D        | Found Zyureaz's Antique Armour Shoppe.
  1134 | D        | Found Qoyll's Distillery.
  1134 | D        | Found Fera's Book Shoppe.
  1135 | D        | Found Seoxih's Magic Scroll Shoppe.
  1135 | D        | Found Kostiomp's Distillery.
  1135 | D        | Found Keor's Magic Scroll Emporium.
  1135 | D        | Found Washrilotec's Armour Emporium.
  1135 | D        | Noticed a great orb of eyes
  1141 | D        | Reached skill level 14 in Stealth
  1143 | D        | Noticed an oklob plant
  1144 | D        | Found Sineriz's Book Shoppe.
  1147 | D        | Noticed a hell hog
  1148 | D        | Noticed a hell hog
  1167 | D        | Bought an amulet of reflection for 300 gold pieces
  1167 | D        | Bought a ring of poison resistance for 200 gold pieces
  1179 | D        | Bought a glowing scarf for 144 gold pieces
  1181 | D        | Bought a runed robe for 99 gold pieces
  1216 | D        | Bought the Collected Works on the Glacier for 200 gold
                  | pieces
  1220 | D        | Learned a level 3 spell: Ozocubu's Armour
  1245 | D        | Found an iron altar of Okawaru.
  1245 | D        | Found a radiant altar of Vehumet.
  1246 | D        | Found a sparkling altar of Nemelex Xobeh.
  1246 | D        | Found a hide-covered altar of Uskayaw.
  1247 | D        | Found an opulent altar of Gozag.
  1247 | D        | Found a burning altar of Makhleb.
  1247 | D        | Found a glowing silver altar of Zin.
  1247 | D        | Found a bloodstained altar of Trog.
  1248 | D        | Found a blossoming altar of Fedhas.
  1248 | D        | Found a corrupted altar of Lugonu.
  1249 | D        | Found a white marble altar of Elyvilon.
  1249 | D        | Found an ancient bone altar of Kikubaaqudgha.
  1250 | D        | Found a shadowy altar of Dithmenos.
  1252 | D        | Found a snail-covered altar of Cheibriados.
  1252 | D        | Found a basalt altar of Yredelemnul.
  1252 | D        | Found a shimmering blue altar of Sif Muna.
  1252 | D        | Found a viscous altar of Jiyva.
  1252 | D        | Noticed a hornet
  1252 | D        | Noticed a polar bear
  1253 | D        | Found a shimmering altar of Xom.
  1253 | D        | Found a sacrificial altar of Ru.
  1253 | D        | Found a hazy altar of Hepliaklqana.
  1254 | D        | Found an ornate altar of the Wu Jian Council.
  1254 | D        | Found a glowing golden altar of the Shining One.
  1254 | D        | Found a stormy altar of Qazlal.
  1260 | D        | Became a worshipper of Dithmenos the Shadowed
  1270 | D        | Noticed a yaktaur
  1271 | D        | Noticed a polar bear
  1271 | D        | Noticed a polar bear
  1272 | D        | Killed a polar bear
  1273 | D        | Reached skill level 5 in Fighting
  1273 | D        | Reached skill level 1 in Ice Magic
  1273 | D        | Killed a polar bear
  1274 | D        | Reached XP level 9. HP: 47/47 MP: 23/25
  1275 | D        | Killed a polar bear
  1275 | D        | Reached * piety under Dithmenos
  1277 | D        | Reached skill level 15 in Stealth
  1278 | D        | Killed a yaktaur
  1292 | D        | Noticed a death drake
  1295 | D        | Reached ** piety under Dithmenos
  1302 | D        | Noticed a death drake
  1302 | D        | Noticed a crystal guardian
  1305 | D        | Killed a crystal guardian
  1305 | D        | Reached *** piety under Dithmenos
  1306 | D        | Reached skill level 16 in Stealth
  1307 | D        | Killed a death drake
  1308 | D        | Reached skill level 5 in Ice Magic
  1308 | D        | Reached XP level 10. HP: 53/53 MP: 25/27
  1309 | D        | Killed a death drake
  1310 | D        | Reached skill level 17 in Stealth
  1320 | D        | Reached **** piety under Dithmenos
  1328 | D        | Noticed a deep elf master archer
  1331 | D        | Noticed an iron elemental
  1353 | D        | Killed an iron elemental
  1373 | D        | Shot with an arrow by a deep elf master archer

Illustrated notes

Levels and vault maps discovered:
D:        the_violet_keep_of_menkaure [sprint2_stairs_cluster_1,
          sprint2_shoproom, sprint2_temple, sprint2_basic_supplies,
          sprint2_obstacle_2, sprint2_obstacle_1, sprint2_obstacle_3,
          sprint2_obstacle_4, sprint2_obstacle_7, sprint2_timed_cluster_1,
          sprint2_smallroom_cluster_1, sprint2_smallroom_final_cluster_1,
          sprint2_transparent_cluster_1, sprint2_second_timed_cluster_1,
          sprint2_sniper_area_1, sprint2_heavy_combat_area_1,
          sprint2_mutation_trap_area_1, sprint2_forest_area_1,
          sprint2_light_combat_area_1, sprint2_behind_water_1,
          sprint2_near_end_vault_1]

Skill      XL: |  1  2  3  4  5  6  7  8  9 10 |
---------------+-------------------------------+-----
Fighting       | 1 2 3 4 5 6 |  6.7
Short Blades   | 2 3 4 5 6 7 8 9 |  9.1
Dodging        | 5 6 8 9 10 11 13 | 13.5
Stealth        | 7 8 10 11 13 14 16 17 | 17.9
Spellcasting   | 5 6 7 8 10 11 12 | 12.5
Hexes          | 5 6 8 9 10 11 13 14 | 14.0
Ice Magic      | 2 5 6 |  6.3

Action                   |  1- 3 |  4- 6 |  7- 9 | 10-12 || total
-------------------------+-------+-------+-------+-------++-------
Melee: Dagger            |     4 |    41 |    21 |    24 ||    90
       Kick              |       |       |     1 |    11 ||    12
       Punch             |       |       |       |     1 ||     1
 Cast: Confusing Touch   |       |     1 |     1 |       ||     2
       Ensorcelled Hiber |       |     2 |     9 |       ||    11
       Tukima's Dance    |       |       |     4 |       ||     4
       Ozocubu's Armour  |       |       |       |     1 ||     1
       Dazzling Flash    |       |       |       |     1 ||     1
  Use: Potion            |     1 |     2 |     1 |     2 ||     6
 Stab: Confused          |       |     2 |     2 |       ||     4
       Sleeping          |       |     2 |    17 |     5 ||    24
Dodge: Dodged            |     2 |    21 |     6 |     8 ||    37
Block: Other             |       |       |       |     1 ||     1
       Reflection        |       |       |       |     1 ||     1
